 Dungeon Crawl Stone Soup version 0.16-a0-286-g6bac339 (webtiles) character file.

772 PolkaDot the Jinx (level 7, -1/46 HPs)
             Began as a Vampire Enchanter on Aug 28, 2014.
             Slain by Zgarb's ghost (11 damage)
             ... in a sewer.
             The game lasted 00:14:48 (4911 turns).

PolkaDot the Jinx (Vampire Enchanter)               Turns: 4911, Time: 00:14:51

HP  -1/46        AC  7     Str 13      XL: 7   Next: 53%
MP  12/12        EV 12     Int 19      God:
Gold 136         SH  0     Dex 14      Spells:  4 memorised,  0 levels left

rFire  . . .     SeeInvis +     i - +2 dagger (venom)
rCold  + + .     Clarity  .     b - +1 robe
rNeg   + + +     rCorr    .     (no shield)
rPois  +         rRot     +     f - +2 hat
rElec  .         Spirit   .     a - +0 cloak
SustAb .         Warding  .     (no gloves)
rMut   +         Stasis   .     h - +0 pair of boots
Gourm  .                        e - amulet of resist mutation
MR     +....                    v - +6 ring of strength
                                g - ring of protection from magic

@: bloodless, non-regenerating, somewhat resistant to hostile enchantments,
quite stealthy
A: bottle blood, fangs 3, see invisible, unbreathing
a: Bat Form, Bottle Blood


You were in a sewer.
You were bloodless.

You visited 1 branch of the dungeon, and saw 6 of its levels.
You also visited: Sewer.

You collected 136 gold pieces.

Inventory:

Hand weapons
 i - a +2 dagger of venom (weapon)
Missiles
 m - a throwing net (quivered)
Armour
 a - a +0 cloak (worn)
 b - a +1 robe (worn)
 f - a +2 hat (worn)
 h - a +0 pair of boots (worn)
Scrolls
 d - 2 scrolls of remove curse
 k - 3 scrolls of magic mapping
 o - 2 scrolls of fear {unknown}
 q - a scroll of fog
 s - a scroll of enchant weapon {unknown}
 t - a scroll of amnesia {unknown}
 u - a scroll of random uselessness {unknown}
Jewellery
 e - an amulet of resist mutation (around neck)
 g - a ring of protection from magic (left hand)
 r - an uncursed amulet of warding
 v - a +6 ring of strength (right hand)
Potions
 j - a potion of cure mutation {!q}
 l - a potion of heal wounds
 n - a potion of restore abilities
 p - a potion of curing
 w - a potion of resistance
Books
 c - a book of Maledictions

   Spells                             Type                      Level
   *Corona                            Hexes                        1
   Sure Blade                         Hexes/Charms                 2
   *Ensorcelled Hibernation           Hexes/Ice                    2
   *Confuse                           Hexes                        3
   Dazzling Spray                     Conjuration/Hexes            3
   *Enslavement                       Hexes                        4


   Skills:
 + Level 4.3 Short Blades
 - Level 2.1 Dodging
 + Level 7.8 Stealth
 - Level 2.0 Spellcasting
 * Level 9.4 Hexes
 - Level 1.4 Ice Magic


You couldn't memorise any spells.
You knew the following spells:

 Your Spells              Type           Power        Failure   Level  Hunger
a - Corona                Hex            #####..      1%          1    #......
c - Confuse               Hex            #####...     1%          3    ####...
d - Ensorcelled Hibernat  Hex/Ice        ###...       3%          2    ##.....
e - Enslavement           Hex            #####...     4%          4    #####..


Dungeon Overview and Level Annotations

Branches:
Dungeon (6/15)
 Temple: D:4-7

Altars:
Nemelex Xobeh
Okawaru
Qazlal
Sif Muna

Shops:
D:5 *

Annotations:
Sewer Zgarb's ghost, average MiFi


Innate Abilities, Weirdness & Mutations

You do not heal naturally.
You can bottle blood from corpses.
You have razor-sharp teeth.
You have supernaturally acute eyesight.
You can survive without breathing.


Message History

The giant newt bites the plant but does no damage.
Zgarb's ghost barely misses you.
You hit the plant but do no damage.
The plant is almost destroyed.
The giant newt bites the plant.
You hit the plant.
The plant is almost destroyed.
Zgarb's ghost hits you but does no damage.
The giant newt bites the plant.
You hit the plant but do no damage.
The plant is almost destroyed.
Zgarb's ghost hits you!
* * * LOW HITPOINT WARNING * * *
You hit the plant but do no damage.
The plant is almost destroyed.
The giant newt bites the plant but does no damage.
Zgarb's ghost hits you!
* * * LOW HITPOINT WARNING * * *
You are electrocuted!
You die...

# #≈....≈# #≈#≈#≈≈≈≈≈ #
#.≈.≈.####P####≈#≈#≈≈≈≈ #
##≈≈P.%≈≈≈≈≈≈≈≈.#≈#≈
######≈)P#########.#≈# ≈≈
≈≈≈≈≈≈≈....≈≈≈).≈≈.#≈# ≈≈≈≈
######.≈≈....)≈..≈.#≈#≈≈≈≈≈≈
#....≈..≈≈≈..≈..P≈≈≈≈≈≈≈≈
#...≈...≈..W.≈....≈≈≈≈≈≈
#≈.≈.≈.≈.PPP@.≈..≈≈≈≈≈≈≈
.≈...≈.≈≈P.PPP.≈.≈≈≈≈≈≈≈≈
.≈≈≈..≈.P..#l#≈..≈≈≈≈≈≈≈
≈≈..P.P≈.≈#≈#≈.≈≈≈≈≈≈≈
.≈P.≈≈≈≈#≈#≈≈≈≈≈≈≈≈
≈≈≈≈≈#≈#≈≈≈≈≈≈≈ #≈#≈≈≈≈≈≈
#≈#≈≈≈≈≈ ≈#≈≈


You could see Zgarb's ghost and a giant newt.

Vanquished Creatures
  A phantom (D:4)
  A centaur (D:5)
  2 scorpions
  A troll skeleton (D:5)
  A hound (D:4)
  An orc priest (D:4)
  An orc wizard (D:3)
  2 worker ants (D:4)
  Natasha (twice) (D:3)
  Ijyb (D:5)
  A hound skeleton (D:5)
  3 gnolls (D:1)
  8 adders
  5 worms
  4 giant geckos
  2 oozes
  11 orcs
  12 bats
  7 hobgoblins
  3 jackals (Sewer)
  17 kobolds
  2 quokkas
  4 ball pythons
  7 giant cockroaches
  4 giant newts
  14 goblins
  A jackal zombie (D:5)
  11 rats
129 creatures vanquished.

Vanquished Creatures (collateral kills)
  A hound (D:5)
1 creature vanquished.

Grand Total: 130 creatures vanquished

Notes
Turn   | Place    | Note
--------------------------------------------------------------
     0 | D:1      | PolkaDot, the Vampire Enchanter, began the quest for the Orb.
     0 | D:1      | Reached XP level 1. HP: 13/13 MP: 3/3
   534 | D:1      | Reached XP level 2. HP: 19/19 MP: 4/4
   846 | D:1      | Reached skill level 5 in Hexes
   850 | D:1      | Learned a level 2 spell: Ensorcelled Hibernation
   955 | D:1      | Reached skill level 5 in Stealth
  1197 | D:1      | Reached XP level 3. HP: 24/24 MP: 3/6
  1233 | D:1      | Reached skill level 1 in Ice Magic
  1384 | D:2      | Found a sparkling altar of Nemelex Xobeh.
  1411 | D:2      | Reached XP level 4. HP: 20/30 MP: 0/7
  1767 | D:2      | Found an iron altar of Okawaru.
  2058 | D:2      | Found a deep blue altar of Sif Muna.
  2103 | D:2      | Reached skill level 6 in Hexes
  2361 | D:3      | Learned a level 3 spell: Confuse
  2437 | D:3      | Reached XP level 5. HP: 35/35 MP: 6/9
  2807 | D:3      | Reached skill level 7 in Hexes
  2929 | D:3      | Noticed Natasha
  2934 | D:3      | Killed Natasha
  3223 | D:3      | Noticed Natasha
  3227 | D:3      | Killed Natasha
  3406 | D:4      | Reached XP level 6. HP: 38/41 MP: 10/10
  3426 | D:4      | Noticed a phantom
  3551 | D:4      | Killed a phantom
  3551 | D:4      | Reached skill level 8 in Hexes
  3798 | D:4      | Found a stormy altar of Qazlal.
  4127 | D:4      | Reached XP level 7. HP: 46/46 MP: 12/12
  4337 | D:5      | Entered Level 5 of the Dungeon
  4343 | D:5      | Learned a level 4 spell: Enslavement
  4461 | D:5      | Reached skill level 9 in Hexes
  4581 | D:5      | Noticed Ijyb
  4598 | D:5      | Killed Ijyb
  4599 | D:5      | Found Ehuho's General Store.
  4676 | D:6      | Found a glowing drain.
  4706 | Sewer    | Entered a sewer
  4899 | Sewer    | Noticed Zgarb's ghost (average MiFi)
  4911 | Sewer    | Slain by Zgarb's ghost

Action                   |  1- 3 |  4- 6 |  7- 9 || total
-------------------------+-------+-------+-------++-------
Melee: Dagger            |    73 |   145 |   134 ||   352
 Cast: Corona            |     3 |       |     2 ||     5
       Ensorcelled Hiber |    11 |    26 |     7 ||    44
       Confuse           |       |     7 |     2 ||     9
       Enslavement       |       |       |     1 ||     1
  Use: Scroll            |       |       |    10 ||    10
 Stab: Sleeping          |    11 |    33 |    10 ||    54
       Distracted        |       |     2 |     2 ||     4
       Confused          |       |     2 |     3 ||     5
